 Dungeon Crawl Stone Soup version 0.30-a0-149-g7f746667c4 (webtiles) character file.

Game seed: 17735475187042097075

242366 Flugkiller the Severer (level 19, -37/155 HPs)
             Began as a Mummy Wanderer on Sept 26, 2022.
             Was a Plaything of Xom.
             Annihilated by a vault warden
             ... wielding a +1 great mace of holy wrath
              (54 damage)
             ... on level 1 of the Vaults.
             The game lasted 01:37:37 (42735 turns).

Flugkiller the Severer (Mummy Wanderer)            Turns: 42735, Time: 01:37:37

Health: -37/155    AC: 42    Str: 24    XL:     19   Next: 9%
Magic:  22/22      EV: 15    Int: 15    God:    Xom [....*.]
Gold:   6042       SH:  8    Dex: 19    Spells: 21/22 levels left

rFire   + + .      SeeInvis .    J - +0 broad axe (flame)
rCold   + . .      Faith    +    Q - +2 buckler
rNeg    + + +      Spirit   .    C - +10 crystal plate armour of Defence {+Inv Int+2 Dex+4}
rPois   ∞          Reflect  .    K - +0 helmet of Charity {Drain Will+ rCorr Str+6}
rElec   .          Harm     .    I - +2 cloak {Will+}
rCorr   +          Rampage  .    M - +1 pair of gloves "Umpetzir" {Will++}
Will    +++++                    T - +2 pair of boots
Stlth   ..........               r - amulet "Plog" {rF+++ Will- Regen+ rCorr Stlth-}
HPRegen 1.15/turn                v - +4 ring of evasion
MPRegen 0.18/turn                S - +4 ring of evasion

@: no status effects
A: cold resistance 1, negative energy resistance 3, torment resistance 2, heat
vulnerability 1, in touch with death 2, no potions, faith
}: 1/15 runes: decaying
a: Renounce Religion, Evoke Invisibility


You were on level 1 of the Vaults.
You worshipped Xom.
You were a beloved toy of Xom.
You visited 7 branches of the dungeon, and saw 33 of its levels.
You also visited: Gauntlet.

You collected 6791 gold pieces.
You spent 749 gold pieces at shops.

Inventory:

Hand Weapons
 d - the +9 hand axe of Vudyd {vorpal, Fly rN+++ Will+ Str-4}
   (You found it on level 2 of the Dungeon)

   It inflicts extra damage upon your enemies.
   Str:       It affects your strength (-4).
   rN:        It renders you almost immune to negative energy.
   Fly:       It grants you flight.
   Will:      It increases your willpower.
 l - a +2 broad axe
   (You took it off an orc knight on level 2 of the Orcish Mines)
 J - a +0 broad axe of flaming (weapon)
   (You subdued it on level 1 of the Elven Halls)
Missiles
 m - 13 javelins
 o - 17 boomerangs
 F - 4 throwing nets (quivered)
 G - 2 curare-tipped darts
 W - a silver javelin
Armour
 h - a +0 kite shield of reflection
   (You took it off Donald on level 1 of the Swamp)
 C - the +10 crystal plate armour of Defence (worn) {+Inv Int+2 Dex+4}
   (You acquired it on level 1 of the Swamp)

   Int:       It affects your intelligence (+2).
   Dex:       It affects your dexterity (+4).
   +Inv:      It lets you turn invisible.
 I - a +2 cloak of willpower (worn)
   (You acquired it on level 9 of the Dungeon)
 K - the +0 helmet of Charity (worn) {Drain Will+ rCorr Str+6}
   (You found it on level 1 of the Lair of Beasts)

   Str:       It affects your strength (+6).
   rCorr:     It protects you from acid and corrosion.
   Drain:     It drains your maximum health when unequipped.
   Will:      It increases your willpower.
 M - the +1 pair of gloves "Umpetzir" (worn) {Will++}
   (You acquired it on level 3 of the Snake Pit)

   Will:      It greatly increases your willpower.
 Q - a +2 buckler (worn)
   (You took it off a deep elf knight on level 1 of the Elven Halls)
 T - a +2 pair of boots (worn)
   (You found it on level 5 of the Lair of Beasts)
 U - the +1 helmet of the Equator {rF- Will+ MP-9 Dex+5}
   (You found it in a Gauntlet)

   Dex:       It affects your dexterity (+5).
   rF:        It makes you vulnerable to fire.
   MP:        It affects your magic capacity (-9).
   Will:      It increases your willpower.
 Y - the +1 pair of boots of Action {rElec rF++ Str-4 Int+3}
   (You acquired it on level 2 of the Vaults)

   Str:       It affects your strength (-4).
   Int:       It affects your intelligence (+3).
   rF:        It greatly protects you from fire.
   rElec:     It insulates you from electricity.
Jewellery
 f - a ring of protection from fire
   (Xom gifted it to you on level 15 of the Dungeon)
 p - a ring of protection from cold
   (You found it on level 2 of the Dungeon)
 q - a ring of protection from fire
   (You found it on level 2 of the Orcish Mines)
 r - the amulet "Plog" (around neck) {rF+++ Will- Regen+ rCorr Stlth-}
   (Xom gifted it to you on level 1 of the Lair of Beasts)

   [amulet of regeneration]

   rF:        It renders you almost immune to fire.
   Regen:     It increases your rate of health regeneration.
   rCorr:     It protects you from acid and corrosion.
   Will:      It decreases your willpower.
   Stlth:     It makes you less stealthy.
 v - a +4 ring of evasion (left hand)
   (You found it on level 6 of the Dungeon)
 D - the ring "Japroise" {rF+ SInv}
   (You acquired it on level 3 of the Lair of Beasts)

   [ring of see invisible]

   rF:        It protects you from fire.
   SInv:      It lets you see invisible.
 L - an amulet of the acrobat
   (You found it on level 2 of the Snake Pit)
 O - the amulet of Fulin {rElec rC+ Regen+ Stlth+}
   (Xom gifted it to you on level 2 of the Lair of Beasts)

   [amulet of regeneration]

   rC:        It protects you from cold.
   rElec:     It insulates you from electricity.
   Regen:     It increases your rate of health regeneration.
   Stlth:     It makes you more stealthy.
 R - a ring of flight
   (You found it on level 5 of the Lair of Beasts)
 S - a +4 ring of evasion (right hand)
   (You found it in a Gauntlet)
 V - an amulet of reflection
   (You found it on level 2 of the Vaults)
Wands
 b - a wand of digging (15)
   (You took it off Ijyb on level 5 of the Dungeon)
 y - a wand of flame (60)
   (You found it on level 7 of the Dungeon)
 E - a wand of mindburst (15)
   (You found it on level 8 of the Dungeon)
 H - a wand of polymorph (1)
   (You bought it in a shop on level 9 of the Dungeon)
 N - a wand of light (2)
   (You took it off Amaemon on level 7 of the Dungeon)
 P - a wand of iceblast (12)
   (You found it on level 4 of the Lair of Beasts)
 X - a wand of paralysis (10)
   (Xom gifted it to you on level 4 of the Swamp)
Scrolls
 c - 4 scrolls of silence
 e - 12 scrolls of amnesia
 g - 9 scrolls of magic mapping
 i - 2 scrolls of enchant weapon
 j - 6 scrolls of poison
 n - 4 scrolls of fog
 t - a scroll of teleportation
 u - 2 scrolls of vulnerability
 w - 4 scrolls of immolation
 x - a scroll of summoning
 z - 2 scrolls of blinking
 B - a scroll of fear
Miscellaneous
 a - a piece from Xom's chessboard (15/15)
   (You found it on level 7 of the Dungeon)
 k - a phial of floods
   (You found it on level 5 of the Lair of Beasts)
 s - a box of beasts (inert)
   (Xom gifted it to you on level 2 of the Swamp)
 A - a phantom mirror
   (You found it on level 7 of the Dungeon)


   Skills:
 + Level 15.4 Fighting
 - Level 2.4 Long Blades
 + Level 16.7 Axes
 - Level 12.8 Ranged Weapons
 - Level 9.9 Throwing
 - Level 11.0 Armour
 - Level 6.3 Dodging
 - Level 5.0 Shields
 - Level 2.0 Spellcasting
 - Level 3.0 Earth Magic
 - Level 6.0 Evocations


You had 21 spell levels left.
You knew the following spells:

 Your Spells              Type           Power      Damage    Failure   Level
a - Sandblast             Erth           20%        2d7       98%         1

Your spell library contained the following spells:

 Spells                   Type           Power      Damage    Failure   Level
 Apportation              Tloc           2%         N/A       100%        1
 Foxfire                  Conj/Fire      4%         2x1d4     100%        1
 Freeze                   Ice            4%         1d3       100%        1
 Magic Dart               Conj           4%         1d3       100%        1
 Necrotise                Necr           12%        1d4       100%        1
 Sting                    Tmut/Pois      4%         1d3       100%        1
 Blink                    Tloc           2%         N/A       100%        2
 Call Imp                 Summ           1%         N/A       100%        2
 Cigotuvi's Dreadful Rot  Necr/Pois/Air  6%         N/A       100%        2
 Passwall                 Tmut/Erth      5%         N/A       100%        2
 Poisonous Vapours        Pois/Air       2%         N/A       100%        2
 Searing Ray              Conj           2%         2d4       100%        2
 Static Discharge         Conj/Air       2%         2-3/arc   100%        2
 Call Canine Familiar     Summ           1%         N/A       100%        3
 Frozen Ramparts          Ice            2%         1d1       100%        3
 Ignite Poison            Fire/Tmut/Pois 1%         N/A       100%        3
 Inner Flame              Hex/Fire       1%         N/A       100%        3
 Kindle Blastsparks       Fire/Tloc/Air  2%         2d10      100%        3
 Lesser Beckoning         Tloc           1%         N/A       100%        3
 Mephitic Cloud           Conj/Pois/Air  1%         N/A       100%        3
 Portal Projectile        Hex/Tloc       2%         N/A       100%        3
 Stone Arrow              Conj/Erth      12%        3d7       100%        3
 Tukima's Dance           Hex            1%         N/A       100%        3
 Vampiric Draining        Necr           3%         2d6       100%        3
 Cause Fear               Hex            0%         N/A       100%        4
 Dispel Undead            Necr           3%         3d7       100%        4
 Flame Wave               Conj/Fire      1%         2d4       100%        4
 Fulminant Prism          Conj/Hex       0%         3d6       100%        4
 Hailstorm                Conj/Ice       1%         3d3       100%        4
 Leda's Liquefaction      Hex/Erth       3%         N/A       100%        4
 Manifold Assault         Tloc           1%         N/A       100%        4
 Olgreb's Toxic Radiance  Pois           1%         N/A       100%        4
 Passage of Golubria      Tloc           1%         N/A       100%        4
 Petrify                  Tmut/Erth      6%         N/A       100%        4
 Sticky Flame             Conj/Fire      1%         2d3       100%        4
 Agony                    Necr           3%         N/A       100%        5
 Alistair's Intoxication  Tmut/Pois      0%         N/A       100%        5
 Irradiate                Conj/Tmut      0%         3d11      100%        5
 Silence                  Hex/Air        0%         N/A       100%        5
 Summon Forest            Summ/Tloc      0%         N/A       100%        5
 Summon Mana Viper        Hex/Summ       1%         N/A       100%        5
 Eringya's Noxious Bog    Tmut/Pois      0%         N/A       100%        6
 Simulacrum               Ice/Necr       1%         N/A       100%        6
 Starburst                Conj/Fire      0%         6d3       100%        6
 Summon Cactus Giant      Summ           0%         N/A       100%        6
 Malign Gateway           Summ/Tloc      0%         N/A       100%        7
 Ozocubu's Refrigeration  Ice            0%         4d7       100%        7
 Summon Hydra             Summ           0%         N/A       100%        7
 Discord                  Hex            0%         N/A       100%        8
 Ignition                 Fire           0%         3d3       100%        8
 Summon Horrible Things   Summ           0%         N/A       100%        8
 Chain Lightning          Conj/Air       0%         2d1       100%        9
 Ice Form                 Ice/Tmut       Unusable   N/A       N/A         4
 Blade Hands              Tmut           Unusable   N/A       N/A         5

Dungeon Overview and Level Annotations

Branches:
Dungeon (15/15) Zot: 24381  Temple (0/1) D:5            Lair (5/5) D:9 Zot: 23068
  Swamp (visited)           Snake (4/4) Lair:3 Zot: 19987   Slime (0/5) Lair:4
    Orc (2/2) D:11 Zot: 10074     Elf (1/3) Orc:2 Zot: 3796  Vaults (2/5) D:14 Zot: 9546
  Crypt (0/3) Vaults:2     Depths (0/4) D:15        Gauntlet (visited)

Altars:
Cheibriados
Dithmenos
Fedhas
Kikubaaqudgha
Nemelex Xobeh
Okawaru
Sif Muna
Trog
Vehumet
Wu Jian
Xom
Yredelemnul

Shops:
D:3 (   D:9 *   D:14 (   Orc:2 ([*:   Snake:2 (

Portals:
Trove: Vaults:2 (show abyssal rune of Zot)

Annotations:
D:5 1 transporter, Shym's ghost, amateur GnHW
D:7 exclusion: downstairs
D:8 2 transporters, Xoff's ghost, novice GnBr
Lair:2 exclusion: oklob plant
Elf:1 6 runed translucent doors
Vaults:2 Mennas


Innate Abilities, Weirdness & Mutations

You are immune to poison.
Your flesh is cold resistant. (rC+)
You are immune to negative energy. (rN+++)
You are immune to unholy pain and torment.
You are vulnerable to heat. (rF-)
You are strongly in touch with the powers of death.
You do not drink.
You have a special connection with the divine. (Faith)


Message History

The yaktaur shoots a bolt.
You block the bolt.
The vault sentinel hits you with a +0 falchion.
The yaktaur shoots a bolt.
The bolt completely misses you.
A vault warden comes into view.
It is wielding a +1 great mace of holy wrath.
The vault sentinel blows a loud note on a signal horn!
You hear a shout! x5
The yaktaur shoots a bolt.
The bolt misses you.
There is a stone staircase leading up, spattered with blood here.
You hear Xom's maniacal laughter.
The vault sentinel's +0 falchion dances into the air!
A yaktaur comes into view.
The yaktaur shoots a bolt.
The bolt hits you!
You hear a shout!
The vault sentinel closely misses you.
Your +0 falchion barely misses the vault sentinel.
You closely miss the vault sentinel.
Your +0 falchion hits the vault sentinel.
You block the vault sentinel's attack.
The yaktaur shoots a bolt.
The bolt hits you but does no damage.
Your +0 falchion hits the vault sentinel!
You closely miss the vault sentinel.
The vault sentinel is moderately wounded.
You hit the vault warden. You burn the vault warden.
A yaktaur comes into view. It is wielding a +0 mace of protection.
The vault warden completely misses you. You block the vault sentinel's attack.
Your +0 falchion hits the vault sentinel.
The yaktaur shoots a bolt.
The bolt misses you.
The bolt misses your +0 falchion.
You hear a shout!
You hit the vault sentinel. You burn the vault sentinel.
The vault sentinel is moderately wounded.
You closely miss the vault warden.
Your +0 falchion hits the vault sentinel!
The vault sentinel hits you but does no damage.
The vault warden hits you with a +1 great mace of holy wrath!
You convulse.
The vault sentinel blows a loud note on a signal horn!
You hear a shout! x2
You slice the vault sentinel!! You burn the vault sentinel.
You kill the vault sentinel!
You closely miss the vault warden. You slash the yaktaur! You burn the yaktaur.
The vault warden hits you with a +1 great mace of holy wrath!
You convulse!
Your +0 falchion hits the yaktaur!
The yaktaur unwields a +0 arbalest.
The yaktaur barely misses you.
The vault sentinel shoots a bolt.
The bolt closely misses your +0 falchion.
The bolt hits you but does no damage.
Your +0 falchion hits the yaktaur!!
The vault warden activates a sealing rune.
A door slams shut!
Something unseen opens the door.
You climb upwards.
Your mindless puppet stays behind to rot.
There is a stone staircase leading down here.
You are too injured to fight recklessly!
You are too injured to fight recklessly!
You barely miss the vault warden.
The vault warden is lightly wounded.
You slash the yaktaur! You burn the yaktaur.
You kill the yaktaur!
The vault warden activates a sealing rune.
A door slams shut!
You are too injured to fight recklessly!
You hit the vault warden but do no damage.
The vault warden is lightly wounded.
You are too injured to fight recklessly!
You slash the vault warden! You burn the vault warden.
The vault warden is moderately wounded.
The vault warden hits you but does no damage.
You closely miss the vault warden.
The vault warden is moderately wounded.
You block the vault warden's attack.
You hit the vault warden but do no damage.
The vault warden is moderately wounded.
The vault warden hits you but does no damage.
You closely miss the vault warden.
The vault warden is moderately wounded.
Xom guffaws.
The vault warden flies into a frenzy!
You block the vault warden's attack.
You slash the vault warden! You burn the vault warden.
The vault warden is moderately wounded.
The vault warden hits you but does no damage.
You slash the vault warden! You burn the vault warden.
The vault warden is heavily wounded.
The vault warden barely misses you.
You closely miss the vault warden.
The vault warden is heavily wounded.
The vault warden misses you. You block the vault warden's attack.
You slash the vault warden! You burn the vault warden.
The vault warden is heavily wounded.
The vault warden hits you with a +1 great mace of holy wrath!!
You convulse!
You hit the vault warden. You burn the vault warden.
The vault warden is heavily wounded.
The vault warden barely misses you.
You slash the vault warden! You burn the vault warden.
The vault warden is severely wounded.
The vault warden hits you with a +1 great mace of holy wrath!!!
* * * LOW HITPOINT WARNING * * *
You convulse!!!
You die...
Xom giggles madly!

#..# #....# #..# #....#
#..######## #....# #..#......#
#....# #..#......# #....#
#..#......# #########....#
#..#......# #......##....#
#..#......# #...p..##....#
#..'......# #..@)..##....#
#..######## #......##....# #..#
#......##....# #..#
#......##....#
#..##############+###....#######
#.......?.......................
#...............................
################################


You could see a neutral vault warden (fast, strong, insane).

Vanquished Creatures
  A tentacled monstrosity (Swamp:3)
  Jorgrun (D:15)
  Mlioglotl (Swamp:2)
  3 thorn hunters
  Donald (Swamp:1)
  2 azure jellies (Swamp:4)
  A nagaraja (Snake:3)
  A fenstrider witch (Swamp:4)
  3 vault wardens (Vaults:1)
  4 ironbound preservers (Vaults:1)
  A quicksilver ooze (Lair:1)
  An orc warlord (Orc:1)
  A war gargoyle (Vaults:2)
  2 ironbound thunderhulks
  A stone giant (Swamp:4)
  A very ugly thing (Vaults:1)
  8 dire elephants
  3 bunyips
  2 deep elf demonologists (Elf:1)
  5 eleionomae
  3 minotaurs
  2 entropy weavers
  2 crystal guardians (Vaults:2)
  2 great orbs of eyes (Vaults:1)
  2 deep elf death magi (Elf:1)
  2 yaktaur captains
  Josephine (Orc:1)
  The ghost of Fulomu the Protected, a journeyman MiEn of Okawaru (Lair:1)
  Fannar (Lair:1)
  A vault guard (Vaults:1)
  2 ghost crabs
  2 ice dragons (Swamp:4)
  Harold (Orc:1)
  A salamander tyrant (Snake:3)
  11 hydras
  4 ironbound frosthearts
  5 anacondas
  2 peacekeepers (Vaults:2)
  2 catoblepae
  5 centaur warriors
  9 alligators
  A two-headed ogre (D:12)
  2 boulder beetles
  7 dancing weapons (Elf:1)
  A two-headed ogre (shapeshifter) (Lair:5)
  4 death yaks (Lair:1)
  7 naga warriors
  5 shock serpents
  Urug (D:11)
  4 naga sharpshooters
  A soul eater (Gauntlet)
  4 orc high priests
  Amaemon (D:7)
  6 deep elf knights
  A skeletal warrior (D:14)
  A spectral catoblepas (Gauntlet)
  2 goliath frogs
  4 spriggan druids
  3 salamander mystics
  A sea snake (Lair:5)
  13 deep trolls
  4 naga ritualists
  5 swamp dragons
  6 orc knights
  14 deep elf pyromancers
  7 deep elf archers
  2 harpies
  2 ironbound convokers (Vaults:1)
  13 ugly things
  5 bog bodies
  3 lindwurms
  5 wizards
  15 deep elf zephyrmancers
  7 mana vipers
  2 wolf spiders
  5 orc sorcerers
  13 salamanders
  3 cyclopes
  3 will-o-the-wisps
  5 oklob plants
  A shining eye (Snake:1)
  2 elephants
  5 manticores
  2 guardian serpents
  An eye of devastation (Lair:1)
  25 black mambas
  5 vault sentinels
  13 naga magi
  13 cane toads
  An unseen horror (D:12)
  Psyche (D:8)
  An orange demon (D:8)
  4 centaur skeletons (D:14)
  2 minotaur zombies (Gauntlet)
  3 freezing wraiths (Swamp:4)
  A kobold demonologist (D:7)
  27 yaktaurs
  9 rime drakes
  2 tengu conjurers (D:13)
  9 komodo dragons
  2 efreet
  A queen bee (Lair:2)
  7 trolls
  10 tyrant leeches
  A bloated husk (Swamp:1)
  3 meliai (D:15)
  2 polar bears
  3 hornets (Swamp:3)
  A snapping turtle (Lair:5)
  15 slime creatures
  5 dream sheep (Lair:3)
  8 blink frogs
  2 water elementals (Elf:1)
  3 shadows
  4 wraiths (Orc:2)
  3 spriggans (Swamp:3)
  Eustachio (D:4)
  An air elemental (Elf:1)
  58 yaks
  5 wyverns
  A yak (shapeshifter) (D:9)
  2 golden eyes (shapeshifter) (Elf:1)
  10 basilisks
  A fire elemental (Gauntlet)
  A human (Snake:1)
  4 steam dragons
  10 vampire mosquitoes
  6 swamp worm simulacra (Swamp:4)
  14 nagas
  10 swamp worms
  8 wargs
  20 water moccasins
  4 acid dragons
  3 hell hounds
  14 hydra simulacra (Swamp:4)
  29 orc warriors
  A black bear (shapeshifter) (D:13)
  2 ice beasts
  3 black bears
  An ogre (shapeshifter) (D:5)
  12 centaurs
  14 wolves
  6 ogres
  3 phantoms (D:11)
  3 kobold brigands
  3 earth elementals (Elf:1)
  2 gnoll sergeants
  11 bullfrogs
  2 necrophages (D:6)
  2 scorpions (D:6)
  12 wights
  A troll zombie (D:11)
  37 killer bees
  2 electric eels (D:6)
  A howler monkey (D:7)
  A vampire bat (Lair:3)
  4 crimson imps (D:11)
  A hound (D:5)
  3 gnoll boudas
  10 orc priests
  6 jellies
  2 iguanas
  Ijyb (D:5)
  22 orc wizards
  5 ogre zombies (D:11)
  16 gnolls
  11 adders
  A river rat (Lair:2)
  2 shadow imps (Gauntlet)
  3 white imps (D:7)
  An ufetubus (D:7)
  2 swamp drake simulacra (Swamp:4)
  3 dart slugs
  5 worms
  65 orcs
  5 endoplasms
  A giant cockroach (D:4)
  7 goblins
  5 hobgoblins
  2 jackals (D:2)
  3 quokkas
  4 ball pythons
  15 bats
  2 frilled lizards (D:1)
  3 goblin zombies (D:11)
  A hobgoblin skeleton (D:11)
  4 hobgoblin zombies (D:11)
  16 kobolds
  11 orc zombies (D:11)
  9 rats
1061 creatures vanquished.

Vanquished Creatures (collateral kills)
  Mara (Vaults:2)
  A nagaraja (Snake:3)
  An eleionoma (Swamp:3)
  A dire elephant (Swamp:3)
  A minotaur (Vaults:1)
  The ghost of DocSulfur the Markself, a journeyman DEAr of Fedhas (Lair:4)
  A hydra (Lair:3)
  An alligator (Swamp:3)
  A two-headed ogre (D:8)
  The ghost of Dukayfea the Covert, a journeyman SpEn of Dithmenos (Lair:1)
  A shock serpent (Snake:1)
  A deep elf knight (Swamp:3)
  A spriggan druid (Swamp:3)
  A naga ritualist (Snake:3)
  A lindwurm (Vaults:1)
  An ironbound convoker (Vaults:1)
  A harpy (Vaults:2)
  An ugly thing (D:13)
  A black mamba (Snake:3)
  2 efreet (D:13)
  2 freezing wraiths
  3 slime creatures (Vaults:2)
  Sigmund (D:2)
  9 yaks
  2 nagas (Snake:1)
  A centaur (D:7)
  2 bullfrogs
  A wight (D:8)
  A white imp (D:8)
  A hobgoblin (D:4)
44 creatures vanquished.

Vanquished Creatures (others)
  A deep elf demonologist (Elf:1)
  A yaktaur captain (Vaults:1)
  A catoblepas (Lair:4)
  An alligator (Swamp:4)
  2 dancing weapons
  An ironbound convoker (Vaults:1)
  2 komodo dragons
  5 yaktaurs (Vaults:1)
  2 yaks (Lair:1)
  A floating eye (shapeshifter) (D:13)
  A wolf (Lair:4)
  2 bullfrogs (Lair:4)
  A killer bee (Lair:4)
  A jelly (Lair:4)
  A bush (Lair:4)
  24 foxfires
  60 fungi
  75 plants
  28 withered plants
210 creatures vanquished.

Grand Total: 1315 creatures vanquished

Notes
Turn   | Place    | Note
-------+----------+-------------------------------------------
     0 | D:1      | Flugkiller the Mummy Wanderer began the quest for the Orb.
     0 | D:1      | Flugkiller set off with the following items: a +0 falchion,
                  | a +0 scale mail, a scroll of silence; and the following
                  | spell memorised: Sandblast; and the following spells
                  | available to memorise: Stone Arrow, Petrify.
     0 | D:1      | Reached XP level 1. HP: 13/13 MP: 2/2
   293 | D:1      | Reached XP level 2. HP: 19/19 MP: 2/4
   396 | D:1      | Reached skill level 1 in Fighting
   615 | D:2      | Found a faded altar of an unknown god.
   662 | D:2      | Prayed at the altar of an unknown god.
   662 | D:2      | Became a worshipper of Xom the Random Number God
   708 | D:2      | XOM: silly message
   724 | D:2      | Gained mutation: You are in touch with the powers of death.
                  | [Mummy growth]
   724 | D:2      | Reached XP level 3. HP: 13/26 MP: 0/6
   899 | D:2      | Noticed Sigmund
   929 | D:2      | XOM: 4-stop teleportation journey
  1044 | D:2      | Identified the +9 hand axe of Vudyd {vorpal, Fly rN+++
                  | Will+ Str-4}
  1201 | D:2      | Found a basalt altar of Yredelemnul.
  1201 | D:2      | XOM: 8-stop teleportation journey
  1273 | D:2      | Reached skill level 1 in Axes
  1283 | D:2      | XOM: summons 2 friendly demons
  1289 | D:2      | Killed Sigmund
  1290 | D:2      | Reached skill level 2 in Axes
  1290 | D:2      | Reached skill level 3 in Axes
  1290 | D:2      | Reached XP level 4. HP: 18/33 MP: 1/7
  1290 | D:2      | Reached XP level 5. HP: 20/38 MP: 1/8
  1419 | D:2      | XOM: confuse monster(s)
  1765 | D:3      | Found Lavyc Moru's Antique Weapon Emporium.
  1791 | D:3      | XOM: silly message
  1830 | D:3      | XOM: stat loss: -1 Str (11/12)
  1919 | D:3      | XOM: stat loss: -1 Dex (11/12)
  2003 | D:3      | XOM: stat loss: -1 Dex (10/12)
  2067 | D:3      | Identified a scroll of acquirement
  2069 | D:3      | XOM: god gift: +0 broad axe of chaos
  2270 | D:3      | Found an ornate altar of the Wu Jian Council.
  2301 | D:3      | XOM: god gift: scroll labelled VEBROKLE FISI {god gift}
  2509 | D:4      | XOM: 1-stop teleportation journey
  2527 | D:4      | XOM: stat loss: -1 Int (11/12)
  2678 | D:4      | Reached skill level 4 in Axes
  2793 | D:4      | Reached XP level 6. HP: 36/45 MP: 9/9
  3034 | D:4      | XOM: god gift: book of Flames
  3163 | D:4      | XOM: confuse monster(s)
  3221 | D:4      | Identified the +7 short sword "Baej" {holy, rN+}
  3261 | D:4      | Noticed Eustachio
  3263 | D:4      | XOM: potion effect (curing)
  3278 | D:4      | XOM: cast spell 'Summon Ice Beast'
  3282 | D:4      | XOM: potion effect (curing)
  3292 | D:4      | XOM: divination: detect items
  3295 | D:4      | XOM: smoke on damage
  3299 | D:4      | Killed Eustachio
  3300 | D:4      | Reached XP level 7. HP: 47/54 MP: 10/10
  3443 | D:4      | Found a snail-covered altar of Cheibriados.
  3539 | D:5      | Entered Level 5 of the Dungeon
  3551 | D:5      | a jelly changed into a shapeshifter
  3551 | D:5      | Noticed a shapeshifter (shapeshifter)
  3551 | D:5      | XOM: polymorph jelly -> shapeshifter
  3551 | D:5      | a shapeshifter changed into a human
  3551 | D:5      | Noticed a human (shapeshifter)
  3552 | D:5      | XOM: confusion
  3558 | D:5      | a human changed into a water moccasin
  3571 | D:5      | a water moccasin changed into a rime drake
  3571 | D:5      | Noticed a rime drake (shapeshifter)
  3808 | D:5      | Found a transporter.
  3808 | D:5      | Noticed Shym's ghost (amateur GnHW)
  3808 | D:5      | XOM: swap monsters
  3808 | D:5      | a rime drake changed into an ogre
  3815 | D:5      | Reached skill level 5 in Axes
  3853 | D:5      | XOM: summons 4 hostile demons
  3854 | D:5      | Noticed a chaos spawn
  3964 | D:5      | Noticed Ijyb
  3970 | D:5      | Killed Ijyb
  4059 | D:5      | Found a shimmering altar of Xom.
  4073 | D:5      | XOM: 1-stop teleportation journey
  4185 | D:5      | Found a staircase to the Ecumenical Temple.
  4215 | D:5      | Found an ancient bone altar of Kikubaaqudgha.
  4221 | D:5      | Found a shimmering blue altar of Sif Muna.
  4222 | D:5      | Found a radiant altar of Vehumet.
  4225 | D:5      | Got Kikubaaqudgha's Octavo of Evil
  4247 | D:5      | XOM: swap monsters
  4258 | D:5      | Reached skill level 6 in Axes
  4461 | D:6      | XOM: summons 1 hostile shadow creature
  4468 | D:5      | Reached XP level 8. HP: 38/61 MP: 11/11
  4650 | D:6      | Found a shadowy altar of Dithmenos.
  4671 | D:6      | Found a bloodstained altar of Trog.
  4671 | D:6      | Found an iron altar of Okawaru.
  4672 | D:6      | Found a sparkling altar of Nemelex Xobeh.
  4722 | D:6      | XOM: enchant monster (bad)
  4723 | D:6      | XOM: polymorph hound -> worm
  4752 | D:6      | Reached skill level 5 in Fighting
  4856 | D:6      | XOM: 1-stop teleportation journey
  4872 | D:6      | XOM: confuse monster(s)
  5269 | D:6      | XOM: cloud trail
  5270 | D:6      | XOM: god gift: Xom's Lectures on Geological Air {god gift}
  5271 | D:6      | Got Xom's Lectures on Geological Air {god gift}
  5379 | D:6      | XOM: summons 6 friendly demons
  5493 | D:7      | Noticed a komodo dragon
  5493 | D:7      | XOM: 5-stop teleportation journey
  5530 | D:7      | XOM: god gift: kite shield {god gift}
  5554 | D:7      | XOM: 2-stop teleportation journey
  5780 | D:7      | XOM: 3-stop teleportation journey
  5805 | D:7      | XOM: silly message
  5820 | D:7      | Reached skill level 5 in Armour
  6015 | D:7      | XOM: summons 5 hostile demons
  6058 | D:7      | XOM: summons 8 friendly demons
  6076 | D:7      | Reached XP level 9. HP: 47/69 MP: 12/12
  6203 | D:7      | Noticed a kobold demonologist
  6206 | D:7      | Noticed a hellwing
  6208 | D:7      | Noticed a rust devil
  6208 | D:7      | XOM: fake destruction
  6216 | D:7      | Killed a kobold demonologist
  6247 | D:7      | XOM: scenery: 2 doors open
  6271 | D:7      | XOM: cast spell 'Summon Mana Viper'
  6278 | D:7      | Killed a komodo dragon
  6363 | D:6      | XOM: scenery: create altars
  6739 | D:7      | Reached skill level 7 in Axes
  7147 | D:7      | XOM: cloud trail
  7364 | D:7      | XOM: cloud trail
  7551 | D:7      | XOM: scenery: 2 doors close
  7574 | D:7      | Identified the +2 trident "Unit" {flame, rF+}
  7864 | D:8      | Noticed an orange demon
  7864 | D:8      | XOM: potion effect (brilliance)
  7868 | D:8      | Noticed Amaemon
  7874 | D:7      | XOM: summons friendly iron imp
  7876 | D:7      | Reached skill level 1 in Evocations
  7914 | D:7      | XOM: god gift: scroll of amnesia
  8007 | D:8      | Noticed a yaktaur
  8007 | D:8      | Noticed Xoff's ghost (novice GnBr)
  8010 | D:8      | Noticed a troll
  8089 | D:7      | XOM: cloud trail
  8185 | D:7      | XOM: god gift: 21 gold pieces
  8237 | D:8      | Noticed a two-headed ogre
  8239 | D:8      | XOM: cast spell 'Summon Ice Beast'
  8244 | D:8      | XOM: potion effect (curing)
  8307 | D:8      | Reached XP level 10. HP: 66/77 MP: 13/13
  8370 | D:8      | XOM: scenery: create altars
  8574 | D:6      | XOM: god gift: +0 battleaxe of venom
  8741 | D:8      | Killed an orange demon
  8741 | D:8      | XOM: scenery: summon butterflies
  8753 | D:8      | XOM: cast spell 'Summon Dragon'
  8756 | D:8      | Killed a two-headed ogre
  8757 | D:8      | Reached skill level 5 in Evocations
  8772 | D:8      | Found a transporter.
  8796 | D:8      | XOM: potion effect (haste)
  8838 | D:8      | Found a blossoming altar of Fedhas.
  8917 | D:8      | XOM: divination: magic mapping
  9048 | D:8      | Reached skill level 8 in Axes
  9174 | D:8      | Found a transporter.
  9227 | D:8      | Found a basalt altar of Yredelemnul.
  9229 | D:8      | Noticed a profane servitor
  9234 | D:8      | Noticed Psyche
  9246 | D:8      | XOM: fake destruction
  9251 | D:8      | Killed Psyche
  9306 | D:8      | Noticed an angel
  9507 | D:9      | XOM: divination: detect items
  9723 | D:9      | XOM: 2-stop teleportation journey
  9735 | D:9      | Reached XP level 11. HP: 33/86 MP: 14/14
  9796 | D:9      | XOM: god gift: book of Frost
  9860 | D:9      | XOM: scenery: 2 doors open
  9963 | D:9      | Found Dousaicw's Assorted Antiques.
  9972 | D:9      | Bought a brass wand for 88 gold pieces
  9972 | D:9      | Bought a silver wand for 88 gold pieces
  9972 | D:9      | Bought a black opal-encrusted chain mail for 209 gold
                  | pieces
  9972 | D:9      | Identified the +0 chain mail of Gozag, Devouring {-Tele
                  | Rampage rPois Dex-5} (You bought it in a shop on level 9 of
                  | the Dungeon)
 10022 | D:9      | XOM: enchant monster (good)
 10023 | D:9      | XOM: stat loss: -1 Dex (11/12)
 10031 | D:9      | XOM: chaos cloud
 10040 | D:9      | XOM: noise
 10043 | D:9      | XOM: stat loss: -1 Dex (10/12)
 10302 | D:9      | XOM: stat loss: -1 Int (12/13)
 10321 | D:9      | XOM: confusion
 10347 | D:9      | XOM: noise
 10536 | D:9      | XOM: stat loss: -1 Str (19/20)
 10603 | D:9      | Found a staircase to the Lair.
 10605 | D:9      | XOM: stat loss: -1 Int (11/13)
 10877 | D:9      | Acquired a +1 cloak of willpower
 10884 | D:9      | Acquired 793 gold pieces
 10911 | D:10     | Entered Level 10 of the Dungeon
 11189 | D:10     | XOM: chaos upgrade
 11193 | D:10     | Reached skill level 9 in Axes
 11229 | D:10     | XOM: silly message
 11654 | D:10     | XOM: summons 6 hostile demons
 11916 | D:10     | XOM: summons 6 hostile demons
 11917 | D:10     | Noticed a sun demon
 11995 | D:10     | XOM: noise
 12098 | D:10     | XOM: summons 1 hostile shadow creature
 12402 | D:11     | Found a staircase to the Orcish Mines.
 12402 | D:11     | Noticed an orc sorcerer
 12403 | D:11     | XOM: silly message
 12412 | D:11     | XOM: enchant monster (good)
 12431 | D:11     | Killed an orc sorcerer
 12798 | D:11     | Found a shimmering altar of Xom.
 12798 | D:11     | XOM: confuse monster(s)
 12806 | D:11     | XOM: god gift: 53 gold pieces
 13057 | D:11     | XOM: divination: magic mapping
 13124 | D:11     | XOM: 4-stop teleportation journey
 13158 | D:11     | XOM: scenery: summon butterflies
 13327 | D:11     | XOM: divination: detect items
 13345 | D:11     | XOM: destruction
 13365 | D:11     | XOM: fog
 13380 | D:11     | XOM: cleaving
 13617 | Lair:1   | Entered Level 1 of the Lair of Beasts
 13681 | Lair:1   | Reached skill level 10 in Axes
 13715 | Lair:1   | XOM: enchant monster (good)
 13719 | Lair:1   | XOM: silly message
 13720 | Lair:1   | XOM: summons 2 hostile demons
 13722 | Lair:1   | XOM: polymorph ufetubus -> white imp
 13733 | Lair:1   | XOM: swap monsters
 13770 | Lair:1   | XOM: silly message
 13792 | Lair:1   | XOM: potion effect (might)
 13978 | Lair:1   | Reached XP level 12. HP: 95/95 MP: 15/15
 13986 | Lair:1   | Noticed Fannar
 13997 | Lair:1   | Noticed a death yak
 14001 | Lair:1   | Noticed a death yak
 14004 | Lair:1   | Killed Fannar
 14006 | Lair:1   | Noticed a death yak
 14007 | Lair:1   | Noticed a death yak
 14096 | Lair:1   | Found a runed translucent gate.
 14096 | Lair:1   | Found a runed translucent gate.
 14096 | Lair:1   | Found a runed translucent gate.
 14098 | Lair:1   | Noticed Dukayfea's ghost (journeyman SpEn)
 14099 | Lair:1   | Noticed Fulomu's ghost (journeyman MiEn)
 14107 | Lair:1   | XOM: summons friendly shadow imp
 14130 | Lair:1   | XOM: potion effect (experience)
 14130 | Lair:1   | Reached skill level 12 in Axes
 14130 | Lair:1   | Gained mutation: You are strongly in touch with the powers
                  | of death. [Mummy growth]
 14130 | Lair:1   | Reached XP level 13. HP: 74/101 MP: 16/16
 14155 | Lair:1   | Killed Fulomu's ghost
 14157 | Lair:1   | Identified the amulet "Plog" {rF+++ Will- Regen+ rCorr
                  | Stlth-} (Xom gifted it to you on level 1 of the Lair of
                  | Beasts)
 14157 | Lair:1   | XOM: god gift: amulet "Plog" {rF+++ Will- Regen+ rCorr
                  | Stlth-}
 14159 | Lair:1   | XOM: cast spell 'Summon Mana Viper'
 14164 | Lair:1   | Killed Dukayfea's ghost
 14233 | Lair:1   | XOM: polymorph torpor snail -> eye of devastation
 14251 | Lair:1   | Identified the +0 helmet of Charity {Drain Will+ rCorr
                  | Str+6}
 14320 | Lair:1   | XOM: 5-stop teleportation journey
 14365 | Lair:1   | a death yak changed into a quicksilver ooze
 14365 | Lair:1   | Noticed a quicksilver ooze
 14365 | Lair:1   | XOM: polymorph death yak -> quicksilver ooze
 14368 | Lair:1   | Killed a quicksilver ooze
 14379 | Lair:1   | XOM: destruction
 14399 | Lair:1   | XOM: summons friendly crimson imp
 14404 | Lair:1   | XOM: confuse monster(s)
 14409 | Lair:1   | XOM: cleaving
 14414 | Lair:1   | Reached skill level 13 in Axes
 14738 | Lair:1   | XOM: summons 2 hostile demons
 15008 | Lair:2   | Reached skill level 10 in Fighting
 15009 | Lair:2   | XOM: 2-stop teleportation journey
 15082 | Lair:2   | XOM: swap monsters
 15087 | Lair:2   | XOM: noise
 15088 | Lair:2   | XOM: polymorph killer bee -> gnoll
 15123 | Lair:2   | XOM: noise
 15235 | Lair:2   | XOM: summons 2 friendly demons
 15259 | Lair:2   | XOM: confuse monster(s)
 15283 | Lair:2   | XOM: potion effect (invisibility)
 15318 | Lair:2   | Found a staircase to the Swamp.
 15337 | Lair:2   | XOM: cast spell 'Alistair's Intoxication'
 15429 | D:7      | XOM: divination: magic mapping
 15435 | D:7      | XOM: noise
 15441 | D:7      | Killed Amaemon
 15511 | D:4      | XOM: god gift: chain mail {god gift}
 15625 | D:8      | XOM: summons 7 hostile demons
 15718 | Lair:2   | Identified the amulet of Fulin {rElec rC+ Regen+ Stlth+}
                  | (Xom gifted it to you on level 2 of the Lair of Beasts)
 15718 | Lair:2   | XOM: god gift: amulet of Fulin {rElec rC+ Regen+ Stlth+}
 15744 | Lair:2   | XOM: 1-stop teleportation journey
 15752 | Lair:2   | XOM: silly message
 15826 | Lair:2   | XOM: potion effect (invisibility)
 15872 | Lair:2   | XOM: potion effect (might)
 15878 | Lair:2   | XOM: divination: detect items
 15890 | Lair:2   | XOM: silly message
 15933 | Lair:2   | XOM: cast spell 'Call Canine Familiar'
 16032 | Lair:2   | XOM: noise
 16067 | Lair:2   | XOM: potion effect (invisibility)
 16111 | Lair:2   | XOM: cast spell 'Call Canine Familiar'
 16243 | Lair:2   | XOM: silly message
 16690 | Lair:2   | XOM: noise
 16814 | Lair:3   | XOM: noise
 16817 | Lair:3   | XOM: potion effect (haste)
 16822 | Lair:3   | Reached skill level 14 in Axes
 16952 | Lair:3   | Reached XP level 14. HP: 77/113 MP: 17/17
 17009 | Lair:3   | XOM: potion effect (might)
 17067 | Lair:3   | Reached skill level 1 in Throwing
 17082 | Lair:3   | Found a staircase to the Snake Pit.
 17216 | Lair:3   | XOM: enchant monster (good)
 17323 | Lair:3   | XOM: 2-stop teleportation journey
 17516 | Lair:3   | XOM: summons 6 hostile demons
 17828 | Lair:4   | XOM: 3-stop teleportation journey
 17910 | Lair:4   | XOM: summons 8 hostile demons
 18000 | Lair:4   | Found a transporter.
 18008 | Lair:4   | Found a staircase to the Slime Pits.
 18009 | Lair:4   | XOM: divine lightning
 18010 | Lair:4   | XOM: polymorph jelly -> killer bee
 18015 | Lair:4   | XOM: destruction
 18090 | Lair:4   | XOM: cloud trail
 18132 | Lair:4   | XOM: scenery: create altars
 18147 | Lair:4   | XOM: cleaving
 18152 | Lair:4   | XOM: destruction
 18153 | Lair:4   | Reached skill level 5 in Throwing
 18331 | Lair:4   | Found a transporter.
 18445 | Lair:4   | Noticed DocSulfur's ghost (journeyman DEAr)
 18557 | Lair:4   | XOM: summons 1 hostile demon
 18566 | Lair:4   | XOM: scenery: summon butterflies
 18705 | Lair:4   | XOM: scenery: summon butterflies
 18769 | Lair:4   | XOM: divine lightning
 18771 | Lair:4   | XOM: cast spell 'Summon Dragon'
 18781 | Lair:4   | Killed DocSulfur's ghost
 18869 | Lair:5   | Entered Level 5 of the Lair of Beasts
 19020 | Lair:5   | XOM: 1-stop teleportation journey
 19060 | Lair:5   | Acquired the ring "Japroise" {rF+ SInv}
 19073 | Lair:5   | XOM: polymorph cane toad -> komodo dragon
 19074 | Lair:5   | XOM: polymorph komodo dragon -> swamp dragon
 19140 | Lair:5   | XOM: confusion (+ monsters)
 19186 | Lair:5   | XOM: polymorph yak -> guardian serpent
 19247 | Lair:5   | XOM: summons 8 hostile demons
 19394 | Lair:5   | XOM: summons 2 hostile shadow creatures
 19544 | Lair:5   | XOM: summons 8 hostile demons
 19582 | Lair:5   | XOM: stat loss: -1 Str (25/26)
 19638 | Lair:5   | XOM: polymorph komodo dragon -> lindwurm
 19646 | Lair:5   | XOM: chaos cloud
 19710 | Lair:5   | XOM: stat loss: -1 Int (12/13)
 19770 | Lair:5   | XOM: 2-stop teleportation journey
 19775 | Lair:5   | XOM: summons 1 hostile demon
 19776 | Lair:5   | XOM: swap monsters
 19837 | Lair:5   | XOM: noise
 19852 | Lair:5   | XOM: summons 8 hostile demons
 19976 | Lair:5   | a merfolk avatar changed into an emperor scorpion
 19976 | Lair:5   | Noticed an emperor scorpion
 19976 | Lair:5   | XOM: polymorph merfolk avatar -> emperor scorpion
 19978 | Lair:5   | an emperor scorpion changed into a glowing shapeshifter
 19978 | Lair:5   | XOM: polymorph emperor scorpion -> glowing shapeshifter
 19995 | Lair:5   | XOM: confusion (+ monsters)
 20003 | Lair:5   | an alligator changed into a broodmother
 20003 | Lair:5   | Noticed a broodmother (glowing shapeshifter)
 20004 | Lair:5   | a broodmother changed into a goliath frog
 20199 | Lair:5   | Acquired a +0 pair of gloves of stealth
 20330 | Lair:5   | XOM: blink monster(s)
 20333 | Lair:5   | XOM: cleaving
 20460 | Lair:1   | XOM: swap monsters
 20488 | Lair:1   | XOM: noise
 20686 | D:12     | XOM: blink monster(s)
 20726 | D:12     | Found a gate leading to a gauntlet.
 20735 | Gauntlet | Entered a Gauntlet
 20735 | Gauntlet | Found a transporter.
 20736 | Gauntlet | Found a large runed translucent door.
 20737 | Gauntlet | Found a large runed translucent door.
 20738 | Gauntlet | Found a large runed translucent door.
 20738 | Gauntlet | Found a large runed translucent door.
 20738 | Gauntlet | Found a runed translucent door.
 20739 | Gauntlet | Found a large runed translucent door.
 20740 | Gauntlet | Found a large runed translucent door.
 20741 | Gauntlet | Found a large runed translucent door.
 20741 | Gauntlet | Found a large runed translucent door.
 20742 | Gauntlet | Found a runed translucent gate.
 20742 | Gauntlet | Found a runed translucent gate.
 20744 | Gauntlet | Found a transporter.
 20752 | Gauntlet | Found a runed translucent gate.
 20752 | Gauntlet | Found a runed translucent door.
 20753 | Gauntlet | Found a large runed translucent door.
 20753 | Gauntlet | Found a large runed translucent door.
 20754 | Gauntlet | Found a large runed translucent door.
 20755 | Gauntlet | Found a large runed translucent door.
 20759 | Gauntlet | Found a transporter.
 20764 | Gauntlet | Found a transporter.
 20779 | Gauntlet | Found a transporter.
 20798 | Gauntlet | Found a transporter.
 20813 | Gauntlet | Found a transporter.
 20822 | Gauntlet | Found a transporter.
 20834 | Gauntlet | Found a transporter.
 20840 | Gauntlet | Found a transporter.
 20840 | Gauntlet | Found a transporter.
 20855 | Gauntlet | Found a transporter.
 20872 | Gauntlet | Found a transporter.
 20892 | Gauntlet | Found a transporter.
 20919 | Gauntlet | Found a transporter.
 20919 | Gauntlet | Found a transporter.
 20935 | Gauntlet | Found a large runed translucent door.
 20935 | Gauntlet | Found a large runed translucent door.
 20936 | Gauntlet | Found a large runed translucent door.
 20937 | Gauntlet | Found a large runed translucent door.
 20939 | Gauntlet | Found a transporter.
 21019 | Gauntlet | Found a transporter.
 21147 | Gauntlet | XOM: cast spell 'Summon Horrible Things'
 21238 | Gauntlet | XOM: enchant monster (good)
 21246 | Gauntlet | XOM: cast spell 'Dispersal'
 21255 | Gauntlet | XOM: enchant monster (bad)
 21381 | Gauntlet | Identified the +1 helmet of the Equator {rF- Will+ MP-9
                  | Dex+5}
 21400 | Gauntlet | Identified the +11 arbalest "Toeca" {venom, rElec rF- Dex+3
                  | Stlth+}
 21400 | Gauntlet | Identified the +7 shortbow "Iwigaon" {venom, Str+4}
 21647 | D:12     | Reached XP level 15. HP: 93/118 MP: 18/18
 21706 | D:12     | XOM: smoke on damage
 21718 | D:12     | XOM: smoke on damage
 21722 | D:12     | Reached skill level 1 in Ranged Weapons
 21732 | D:12     | XOM: noise
 21886 | D:12     | Identified the +0 chain mail "Bulum" {rC++ rCorr Str+4
                  | Int+3}
 22115 | D:13     | XOM: stat loss: -1 Str (19/20)
 22406 | D:12     | XOM: confuse monster(s)
 22570 | D:13     | XOM: smoke on damage
 22674 | D:13     | XOM: scenery: create altars
 22681 | D:13     | XOM: 1-stop teleportation journey
 22918 | D:13     | XOM: 6-stop teleportation journey
 23151 | D:13     | XOM: fake destruction
 23151 | D:13     | Paralysed by a floating eye for 3 turns
 23152 | D:13     | XOM: potion effect (invisibility)
 23175 | D:13     | Reached skill level 1 in Dodging
 23287 | D:14     | XOM: silly message
 23378 | D:14     | XOM: divination: detect items
 23386 | D:14     | XOM: summons 2 friendly demons
 23433 | D:14     | XOM: divination: magic mapping
 23444 | D:14     | XOM: polymorph orc warrior -> ogre
 23566 | D:14     | XOM: blink monster(s)
 23576 | D:14     | Reached skill level 5 in Ranged Weapons
 23700 | D:14     | XOM: swap monsters
 23885 | D:14     | XOM: silly message
 23889 | D:14     | XOM: silly message
 23967 | D:14     | XOM: confuse monster(s)
 24101 | D:14     | Found Waolukk's Antique Weapon Emporium.
 24109 | D:14     | Bought a glowing executioner's axe for 364 gold pieces
 24109 | D:14     | XOM: divination: magic mapping
 24284 | D:14     | Found a gate to the Vaults.
 24304 | D:14     | XOM: fog
 24363 | D:15     | Entered Level 15 of the Dungeon
 24367 | D:15     | XOM: noise
 24436 | D:15     | XOM: cloud trail
 24437 | D:15     | Found a basalt altar of Yredelemnul.
 24601 | D:15     | XOM: god gift: wand of flame (11)
 24681 | D:14     | XOM: god gift: Xom's Spellbook of Inaction {god gift}
 24684 | D:14     | Got Xom's Spellbook of Inaction {god gift}
 24878 | D:15     | Noticed Jorgrun
 24887 | D:15     | Killed Jorgrun
 24927 | D:15     | XOM: divination: detect items
 24967 | D:15     | XOM: god gift: opal ring {god gift}
 25040 | D:15     | XOM: divination: detect creatures
 25269 | D:15     | Found a staircase to the Depths.
 25347 | D:15     | XOM: 2-stop teleportation journey
 25540 | D:15     | Found a basalt altar of Yredelemnul.
 25800 | Orc:1    | Entered Level 1 of the Orcish Mines
 25810 | Orc:1    | XOM: blink monster(s)
 25820 | D:11     | XOM: confuse monster(s)
 25975 | Orc:1    | Noticed Urug
 26064 | D:11     | Killed Urug
 26180 | Orc:1    | Noticed Harold
 26197 | D:11     | XOM: noise
 26289 | Orc:1    | Killed Harold
 26573 | Orc:2    | Entered Level 2 of the Orcish Mines
 26635 | Orc:2    | XOM: fog
 26660 | Orc:2    | Found Xaest's Antique Weapon Emporium.
 26674 | Orc:2    | Found Nicalac's General Store.
 26909 | Orc:2    | Found Famuischu's Book Boutique.
 27035 | Orc:2    | Noticed Josephine
 27049 | Orc:1    | Killed Josephine
 27085 | Orc:2    | XOM: god gift: 18 gold pieces
 27101 | Orc:2    | XOM: summons 1 hostile shadow creature
 27115 | Orc:2    | XOM: confuse monster(s)
 27164 | Orc:2    | XOM: 2-stop teleportation journey
 27200 | Orc:2    | Found Qoruteox's Antique Armour Shop.
 27368 | Orc:2    | Found a staircase to the Elven Halls.
 27392 | Orc:2    | XOM: confusion
 27435 | Orc:2    | XOM: summons 3 hostile shadow creatures
 27469 | Orc:1    | XOM: god gift: wand of paralysis (5)
 28000 | Snake:1  | Entered Level 1 of the Snake Pit
 28092 | Snake:1  | XOM: 1-stop teleportation journey
 28106 | Snake:1  | XOM: swap monsters
 28106 | Snake:1  | XOM: smoke on damage
 28122 | Snake:1  | Reached XP level 16. HP: 47/125 MP: 10/19
 28124 | Snake:1  | XOM: silly message
 28309 | Snake:1  | XOM: silly message
 28314 | Snake:1  | XOM: potion effect (curing)
 28317 | Snake:1  | XOM: silly message
 28324 | Snake:1  | Reached skill level 10 in Ranged Weapons
 28381 | Snake:1  | XOM: silly message
 28416 | Snake:1  | XOM: polymorph naga mage -> human
 28417 | Snake:1  | XOM: noise
 28431 | Snake:1  | XOM: polymorph naga ritualist -> entropy weaver
 28697 | Snake:1  | XOM: chaos cloud
 28939 | Snake:1  | XOM: stat loss: -1 Str (17/18)
 29030 | Snake:1  | XOM: summons 9 hostile demons
 29056 | Snake:1  | XOM: blink monster(s)
 29058 | Snake:1  | XOM: polymorph anaconda -> shining eye
 29061 | Snake:1  | XOM: 3-stop teleportation journey
 29062 | Snake:1  | XOM: noise
 29063 | Snake:1  | XOM: stat loss: -1 Int (10/13)
 29082 | Snake:1  | XOM: noise
 29153 | Snake:1  | XOM: blink monster(s)
 29349 | Snake:2  | Found Beaneud's Weapon Emporium.
 29455 | Snake:2  | XOM: summons 9 hostile demons
 29457 | Snake:2  | XOM: repel stairs
 29533 | Snake:2  | XOM: enchant monster (bad)
 29597 | Snake:1  | XOM: enchant monster (bad)
 29616 | Snake:1  | HP: 5/125 [constriction (3)]
 30007 | Elf:1    | Entered Level 1 of the Elven Halls
 30030 | Elf:1    | XOM: chaos upgrade
 30388 | Elf:1    | XOM: smoke on damage
 30395 | Elf:1    | XOM: noise
 30726 | Elf:1    | Reached skill level 5 in Dodging
 30737 | Elf:1    | XOM: 2-stop teleportation journey
 30799 | Elf:1    | Noticed a Hell Sentinel
 30866 | Elf:1    | XOM: divination: detect creatures
 30879 | Elf:1    | XOM: silly message
 30997 | Elf:1    | XOM: divination: detect creatures
 31004 | Elf:1    | XOM: divination: detect items
 31008 | Elf:1    | XOM: summons friendly white imp
 31016 | Elf:1    | XOM: divine lightning
 31027 | Elf:1    | XOM: 2-stop teleportation journey
 31035 | Elf:1    | XOM: confuse monster(s)
 31327 | Elf:1    | Found a runed translucent gate.
 31327 | Elf:1    | Found a runed translucent gate.
 31327 | Elf:1    | Found a runed translucent gate.
 31327 | Elf:1    | Found a runed translucent gate.
 31327 | Elf:1    | Found a runed translucent gate.
 31328 | Elf:1    | Found a runed translucent gate.
 31328 | Elf:1    | Noticed a storm dragon
 31328 | Elf:1    | Noticed a shadow dragon
 31552 | Elf:1    | XOM: 1-stop teleportation journey
 31720 | Elf:1    | XOM: scenery: 2 doors close
 31874 | Swamp:1  | Entered Level 1 of the Swamp
 31888 | Lair:2   | XOM: repel stairs
 31907 | Swamp:1  | XOM: confuse monster(s)
 31963 | Swamp:1  | Noticed Donald
 31973 | Swamp:1  | XOM: summons friendly ufetubus
 31981 | Swamp:1  | Killed Donald
 32075 | Swamp:1  | Found an ancient bone altar of Kikubaaqudgha.
 32099 | Swamp:1  | XOM: cast spell 'Cause Fear'
 32157 | Swamp:1  | Reached XP level 17. HP: 76/131 MP: 11/20
 32224 | Swamp:1  | Acquired the +10 crystal plate armour of Defence {+Inv
                  | Int+2 Dex+4}
 32250 | Swamp:1  | XOM: confusion
 32253 | Swamp:1  | XOM: potion effect (curing)
 33428 | D:9      | XOM: god gift: scroll of enchant armour
 33513 | Swamp:2  | XOM: scenery: summon butterflies
 33523 | Swamp:2  | Reached skill level 10 in Armour
 33607 | Swamp:2  | Noticed Mlioglotl
 33621 | Swamp:2  | XOM: fog
 33622 | Swamp:2  | XOM: god gift: box of beasts
 33623 | Swamp:2  | Killed Mlioglotl
 33623 | Swamp:2  | XOM: swap monsters
 33629 | Swamp:2  | XOM: summons 1 hostile demon
 33747 | Swamp:1  | XOM: confusion
 33754 | Swamp:1  | XOM: confusion (+ monsters)
 33911 | Swamp:2  | XOM: swap monsters
 34104 | Swamp:2  | XOM: chaos cloud
 34163 | Swamp:2  | XOM: polymorph swamp worm -> slime creature
 34215 | Swamp:2  | XOM: silly message
 34477 | Swamp:3  | XOM: repel stairs
 34599 | Swamp:3  | Noticed a tentacled monstrosity
 34599 | Swamp:3  | XOM: 5-stop teleportation journey
 34608 | Swamp:3  | XOM: summons friendly quasit
 34640 | Swamp:3  | XOM: divination: detect creatures
 34646 | Swamp:3  | XOM: 2-stop teleportation journey
 34660 | Swamp:3  | Noticed Aizul
 34674 | Swamp:3  | Aizul changed into Aizul the minotaur
 34674 | Swamp:3  | Noticed Aizul
 34674 | Swamp:3  | XOM: polymorph Aizul -> Aizul the minotaur
 34686 | Swamp:3  | Killed Aizul the minotaur
 34717 | Swamp:3  | XOM: confuse monster(s)
 34720 | Swamp:3  | XOM: confuse monster(s)
 34847 | Swamp:3  | XOM: summons 16 friendly demons
 34875 | Swamp:2  | XOM: polymorph dire elephant -> minotaur
 34889 | Swamp:2  | Reached skill level 1 in Shields
 34941 | Swamp:3  | XOM: enchant monster (bad)
 34986 | Swamp:3  | XOM: noise
 35014 | Swamp:3  | XOM: silly message
 35270 | Swamp:3  | Killed a tentacled monstrosity
 35270 | Swamp:3  | XOM: god gift: 31 gold pieces
 35364 | Swamp:3  | XOM: summons 3 hostile shadow creatures
 35374 | Swamp:3  | XOM: confuse monster(s)
 35419 | Swamp:3  | XOM: god gift: scroll of silence
 35476 | Swamp:3  | XOM: scenery: create altars
 35696 | Swamp:4  | Entered Level 4 of the Swamp
 35721 | Swamp:4  | XOM: polymorph eleionoma -> frost giant
 35723 | Swamp:4  | XOM: polymorph frost giant -> stone giant
 35730 | Swamp:4  | XOM: smoke on damage
 35840 | Swamp:4  | XOM: summons 3 hostile shadow creatures
 35951 | Swamp:4  | XOM: chaos cloud
 35963 | Swamp:4  | XOM: repel stairs
 36018 | Swamp:3  | XOM: stat loss: -1 Int (14/15)
 36061 | Swamp:4  | XOM: divination: magic mapping
 36069 | Swamp:4  | XOM: cast spell 'Olgreb's Toxic Radiance'
 36073 | Swamp:4  | XOM: cast spell 'Leda's Liquefaction'
 36076 | Swamp:4  | XOM: noise
 36140 | Swamp:3  | XOM: noise
 36195 | Swamp:4  | XOM: enchant monster (good)
 36302 | Swamp:4  | XOM: silly message
 36446 | Swamp:4  | XOM: noise
 36554 | Swamp:4  | XOM: divination: detect creatures
 36600 | Swamp:4  | XOM: noise
 36607 | Swamp:4  | XOM: cast spell 'Dispersal'
 36611 | Swamp:4  | XOM: cast spell 'Chain of Chaos'
 36703 | Swamp:3  | XOM: cast spell 'Summon Ice Beast'
 36705 | Swamp:3  | XOM: noise
 36927 | Snake:2  | Identified the amulet "Furecica" {Faith +Blink rElec}
 37000 | Snake:2  | XOM: silly message
 37040 | Snake:2  | XOM: noise
 37117 | Snake:2  | XOM: scenery: 1 doors open
 37344 | Snake:2  | XOM: cleaving
 37354 | Snake:2  | XOM: god gift: 29 gold pieces
 37356 | Snake:2  | XOM: cast spell 'Summon Ice Beast'
 37423 | Snake:2  | XOM: confuse monster(s)
 37434 | Snake:2  | XOM: enchant monster (good)
 37765 | Snake:3  | Acquired the +1 pair of gloves "Umpetzir" {Will++}
 38059 | Snake:3  | XOM: confuse monster(s)
 38112 | Snake:3  | XOM: silly message
 38271 | Snake:3  | XOM: enchant monster (good)
 38273 | Snake:3  | XOM: chaos upgrade
 38379 | Snake:3  | XOM: confusion (+ monsters)
 38384 | Snake:3  | XOM: enchant monster (good)
 38388 | Snake:3  | XOM: divination: detect creatures
 38391 | Snake:3  | XOM: summons 2 friendly demons
 38405 | Snake:3  | XOM: summons 2 friendly demons
 38419 | Snake:3  | XOM: cast spell 'Alistair's Intoxication'
 38420 | Snake:3  | Reached skill level 15 in Axes
 38421 | Snake:3  | XOM: snakes to sticks
 38440 | Snake:3  | XOM: fake destruction
 38441 | Snake:3  | XOM: silly message
 38455 | Snake:3  | Reached XP level 18. HP: 88/142 MP: 21/21
 38456 | Snake:3  | Reached skill level 5 in Shields
 38460 | Snake:3  | XOM: silly message
 38600 | Snake:3  | XOM: silly message
 38609 | Snake:3  | XOM: 2-stop teleportation journey
 38806 | Snake:3  | XOM: scenery: create altars
 38921 | Snake:4  | Entered Level 4 of the Snake Pit
 39018 | Lair:3   | XOM: scenery: create altars
 39118 | Swamp:4  | XOM: cleaving
 39168 | Swamp:4  | XOM: divination: magic mapping
 39394 | Swamp:4  | XOM: 3-stop teleportation journey
 39488 | Swamp:4  | XOM: enchant monster (good)
 39492 | Swamp:4  | XOM: 1-stop teleportation journey
 39659 | Swamp:4  | XOM: cleaving
 39806 | Swamp:4  | XOM: god gift: wand of paralysis (4)
 39860 | Swamp:4  | Got a decaying rune of Zot
 40055 | D:13     | XOM: god gift: wand of paralysis (6)
 40147 | Vaults:1 | Entered Level 1 of the Vaults
 40242 | Vaults:1 | XOM: summons 9 friendly demons
 40378 | Vaults:1 | XOM: polymorph yaktaur captain -> minotaur
 40381 | Vaults:1 | XOM: enchant monster (good)
 40389 | Vaults:1 | XOM: chaos upgrade
 40428 | Vaults:1 | XOM: smoke on damage
 40436 | Vaults:1 | XOM: confuse monster(s)
 40490 | Vaults:1 | XOM: god gift: great sword {god gift}
 40579 | Vaults:1 | XOM: divination: detect items
 40598 | Vaults:1 | XOM: divination: detect creatures
 40893 | Vaults:1 | XOM: silly message
 40894 | Vaults:1 | XOM: potion effect (invisibility)
 40902 | Vaults:1 | XOM: potion effect (heal wounds)
 41144 | Vaults:1 | XOM: potion effect (curing)
 41195 | Vaults:1 | XOM: potion effect (curing)
 41198 | Vaults:1 | XOM: silly message
 41215 | Vaults:1 | XOM: silly message
 41219 | Vaults:1 | XOM: potion effect (heal wounds)
 41248 | Vaults:1 | Reached skill level 16 in Axes
 41256 | Vaults:1 | XOM: confusion
 41257 | Vaults:1 | XOM: silly message
 41369 | Vaults:1 | XOM: chaos cloud
 41377 | Vaults:1 | XOM: divination: detect creatures
 41380 | Vaults:1 | XOM: confusion
 41381 | Vaults:1 | XOM: chaos cloud
 41382 | Vaults:1 | Paralysed by you for 2 turns
 41393 | Vaults:1 | XOM: potion effect (might)
 41474 | Vaults:1 | XOM: god gift: 31 gold pieces
 41481 | Vaults:1 | Identified the +9 quarterstaff "Faoradusa" {vorpal, Will+
                  | Stlth+}
 41588 | Vaults:1 | XOM: confuse monster(s)
 41656 | Vaults:1 | XOM: scenery: 1 doors open, 3 doors close
 41789 | Vaults:1 | XOM: scenery: summon butterflies
 41791 | Vaults:1 | XOM: scenery: create altars
 41796 | Vaults:1 | XOM: divine lightning
 41815 | Vaults:1 | Acquired 1039 gold pieces
 41817 | Vaults:1 | Acquired 767 gold pieces
 41819 | Vaults:1 | Acquired 502 gold pieces
 41856 | Vaults:2 | XOM: 2-stop teleportation journey
 41981 | Vaults:2 | Noticed Mara
 41981 | Vaults:2 | XOM: 3-stop teleportation journey
 41992 | Vaults:2 | Killed Mara
 41993 | Vaults:2 | Reached skill level 15 in Fighting
 41997 | Vaults:2 | Acquired the +1 pair of boots of Action {rElec rF++ Str-4
                  | Int+3}
 42071 | Vaults:2 | XOM: smoke on damage
 42125 | Vaults:2 | Found a portal to a secret trove of treasure.
 42198 | Vaults:2 | XOM: summons 5 hostile demons
 42207 | Vaults:2 | XOM: polymorph harpy -> basilisk
 42213 | Vaults:2 | XOM: cast spell 'Dispersal'
 42251 | Vaults:2 | Reached XP level 19. HP: 63/155 MP: 22/22
 42477 | Vaults:2 | Identified the +2 hat of the Arcane {Dex+4}
 42486 | Vaults:2 | XOM: god gift: book of Blood
 42588 | Vaults:2 | Found a staircase to the Crypt.
 42588 | Vaults:2 | Found a basalt altar of Yredelemnul.
 42588 | Vaults:2 | Found an ancient bone altar of Kikubaaqudgha.
 42622 | Vaults:2 | XOM: summons friendly shadow imp
 42662 | Vaults:2 | XOM: confuse monster(s)
 42666 | Vaults:2 | XOM: summons friendly crimson imp
 42668 | Vaults:2 | Noticed Mennas
 42685 | Vaults:2 | XOM: fake destruction
 42686 | Vaults:2 | XOM: confuse monster(s)
 42729 | Vaults:1 | XOM: cast spell 'Discord'
 42735 | Vaults:1 | Annihilated by a vault warden

Illustrated notes

Levels and vault maps discovered:
D:1:      minmay_arrival_cross, layout_rooms
D:2:      layout_basic, basic_altar, ebering_ecumenical_altar_hall,
          kennysheep_cross_bottleneck, bh_walls_and_bars, uniq_sigmund
D:3:      layout_loops_ring, nzn_wu_jian_council_hall, serial_shops,
          nicolae_shop_competitors_out_of_business
D:4:      layout_cave_pools, mainiacjoe_overflow_six_doors_small, serial_rivers,
          chequers_serial_rivers_small_b, chequers_serial_rivers_micro_b,
          chequers_serial_rivers_micro_b, chequers_serial_rivers_micro_b,
          chequers_serial_rivers_large_a, chequers_serial_rivers_micro_b,
          uniq_eustachio
D:5:      layout_cave_pools, grunt_temple_overflow_magic_moments,
          lemuel_coloured_pillars_altar, minmay_temple_entry_hall,
          gammafunk_ghost_mausoleum, st_stairs_4, uniq_ijyb
D:6:      layout_rooms, minitemple, serial_bayou_lagoon_b
D:7:      layout_layer_cave, minmay_the_grid_2x2 [minmay_the_grid_outer_circle,
          minmay_the_grid_zigzag_pyramid, minmay_the_grid_minigrid_small,
          minmay_the_grid_prize_four_corners_diamond_a]
D:8:      layout_rooms, grunt_temple_overflow_holy_war, fedhas_altar_1,
          gammafunk_ghost_arena, uniq_amaemon, uniq_psyche
D:9:      layout_roguey, lair_entry_dummy, nicolae_stop_n_shop_2
D:10:     layout_roguey, minmay_misc_feat_room
D:11:     layout_long_grid, zombieorc1_lemuel, led_xom_imps
D:12:     layout_cave_pools, gauntlet_entry_generic
D:13:     layout_loops_ring, grunt_potential
D:14:     layout_roguey, hangedman_vaults_entry_quadrant_bands, serial_curves,
          eino_curves_02, eino_curves_02, serial_shops,
          nicolae_shop_statue_plus, palyth_stone_intersect
D:15:     hangedman_depths_entry_try_elsewhere_first, layout_cave_pools,
          good_gods_temple_1, yredelemnul_altar_generic, uniq_jorgrun
Lair:1:   layout_loops_ring, gammafunk_ghost_cemetery, minmay_lair_oklob_bushes,
          grunt_megastairs_4, uniq_fannar
Lair:2:   hangedman_what_comes_after_a, layout_long_grid,
          skrybe_swamp_entry_bodies
Lair:3:   layout_loops_ring, minmay_snake_entry_six_corridors, roderic_batcave
Lair:4:   wander_river, layout_small_grid, nicolae_slime_entry_slimehenge,
          nzn_ghost_randoct
Lair:5:   gammafunk_lair_ancient_temple, layout_cave_pods,
          grunt_forest_small_clearing_treed
Swamp:1:  layout_basic_swamp, lemuel_altar_in_water, uniq_donald
Swamp:2:  layout_falls_marsh, nicolae_swamp_feature_on_the_river_bank,
          uniq_mlioglotl
Swamp:3:  nicolae_swamp_decorative_isthmus, layout_basic_swamp,
          nicolae_swamp_tree_designs, swamp_pool1, beargit_elvish_explorers,
          uniq_aizul
Swamp:4:  swamp_icy, layout_basic_swamp, nicolae_swamp_treefoil
Snake:1:  layout_misc_corridors, library_closet, nrook_loot_triangle,
          st_stairs_14, drop_trap
Snake:2:  layout_grid_maze, serial_shops, nicolae_stop_n_shop_2,
          serial_bayou_shore_b
Snake:3:  layout_onion_interference, abandoned_shop, grunt_megastairs_1
Snake:4:  hellmonk_snake_rune_quicksilver_temple, layout_misc_corridors,
          minmay_shop_enchanted_jewellery, guppyfry_library_mini
Orc:1:    layout_diamond_mine, uniq_harold, uniq_urug
Orc:2:    grunt_orc_gardens, layout_caves, grunt_orc_garden, grunt_orc_garden,
          grunt_orc_garden, grunt_orc_garden, nooodl_orcs_dogs, uniq_josephine
Elf:1:    eino_elf_arrival_customs, layout_loops_corners, orc_legates,
          serial_sigils_hangedman_snap, minmay_misc_feat_diagonals
Vaults:1: v_rooms_6, vaults_room_door_ring, ontoclasm_vaults_decontamination,
          nicolae_vaults_circle_grid_a, nicolae_vaults_ring_of_whatevers,
          v_misc_8, v_misc_25, nicolae_vaults_little_ls,
          vaults_room_ringed_pool, vaults_room_stairs_pillars,
          vaults_room_grunt_arrival_ludios, layout_vaults_omnigrid
Vaults:2: minmay_crypt_entry_necro_gods, v_alt_pattern_6, vaults_mumra_chevron,
          v_misc_14, ontoclasm_vaults_ligature, nicolae_vaults_little_squares_4,
          vaults_mumra_chevron_long, v_rooms_5, nicolae_vaults_network_barrier,
          grunt_vaults_bifocal, hangedman_vaults_impose, ontoclasm_vaults_idyll,
          hangedman_vaults_corner, nicolae_vaults_specimen_jars,
          vaults_dpeg_diagonal, ontoclasm_vaults_chip,
          nicolae_vaults_sealed_display, ontoclasm_vaults_pinch,
          layout_vaults_big_cross, nicolae_trove_entry_crystal, uniq_mennas,
          uniq_mara

Skill      XL: |  1  2  3  4  5  6  7  8  9 10 11 12 13 14 15 16 17 18 |
---------------+-------------------------------------------------------+-----
Earth Magic    | 3 |  3.0
Fighting       | 1 2 4 6 7 9 11 12 15 | 15.4
Spellcasting   | 2 |  2.0
Axes           | 3 4 6 7 8 10 12 14 15 16 | 16.7
Armour         | 3 5 6 7 8 9 11 | 11.0
Evocations     | 3 6 |  6.0
Throwing       | 9 |  9.9
Ranged Weapons | 9 12 | 12.8
Dodging        | 2 6 |  6.3
Shields        | 4 5 |  5.0
Long Blades    | |  2.4

Action                   |  1- 3 |  4- 6 |  7- 9 | 10-12 | 13-15 | 16-18 | 19-21 || total
-------------------------+-------+-------+-------+-------+-------+-------+-------++-------
Melee: Falchion          |    73 |       |       |       |       |       |       ||    73
       Punch             |     1 |       |     6 |     8 |    22 |       |       ||    37
       Hand axe          |    14 |    75 |   269 |   516 |  1389 |    13 |       ||  2276
       Broad axe         |       |       |       |       |       |  1584 |    74 ||  1658
 Fire: Arbalest          |       |       |       |       |   388 |   470 |       ||   858
       Longbow           |       |       |       |       |       |     4 |       ||     4
Throw: Boomerang         |       |       |       |       |    32 |    14 |       ||    46
       Throwing net      |       |       |       |       |       |     2 |       ||     2
 Cast: Sandblast         |    26 |     2 |       |       |       |       |       ||    28
Evoke: Piece from Xom's  |       |       |     1 |     6 |     1 |     6 |       ||    14
       Wand              |       |       |       |     6 |    24 |    25 |     1 ||    56
       Phantom mirror    |       |       |       |     2 |     5 |     6 |       ||    13
       Phial of floods   |       |       |       |       |     2 |     2 |       ||     4
       Box of beasts     |       |       |       |       |       |     4 |       ||     4
  Use: Scroll            |     4 |     3 |     7 |     8 |    11 |    20 |     1 ||    54
 Stab: Distracted        |       |       |     1 |       |     1 |     1 |       ||     3
       Paralysed         |       |       |       |     3 |     7 |    11 |       ||    21
       Invisible         |       |       |       |     2 |    20 |     8 |       ||    30
       Confused          |       |       |       |       |     9 |     9 |       ||    18
       Petrifying        |       |       |       |       |     2 |       |       ||     2
       Held in net/web   |       |       |       |       |       |     4 |       ||     4
Armor: Scale mail        |    74 |    39 |   129 |   175 |    86 |   172 |       ||   675
       Steam dragon scal |       |       |     7 |       |       |       |       ||     7
       Troll leather arm |       |       |       |    42 |     5 |       |       ||    47
       Plate armour      |       |       |       |       |   927 |       |       ||   927
       Crystal plate arm |       |       |       |       |       |  1198 |    51 ||  1249
Dodge: Dodged            |    81 |    27 |   179 |   308 |   892 |  1402 |    49 ||  2938
Block: Buckler           |       |       |       |       |       |   625 |    21 ||   646

Table legend: (Time is in decaauts)
 A = Elapsed time spent in this place.
 B = Non-inter-level travel time spent in this place.
 C = Inter-level travel time spent in this place.
 D = Time resting spent in this place.
 E = Time spent auto-exploring this place.
 F = Levels seen in this place.
 G = Mean time per level.
                   A        B        C        D        E       F      G
               +--------+--------+--------+--------+--------+-----+--------+
         Total |  42900 |  38880 |   4020 |  10958 |  16596 |  34 | 1261.8 |
       Dungeon |  19475 |  17489 |   1986 |   6186 |   7580 |  15 | 1298.3 |
          Lair |   6931 |   6050 |    881 |   1002 |   3304 |   5 | 1386.2 |
         Swamp |   5134 |   4879 |    255 |   1329 |   1641 |   4 | 1283.5 |
     Snake Pit |   4012 |   3751 |    261 |    886 |   1396 |   4 | 1003.0 |
  Orcish Mines |   1925 |   1653 |    272 |    237 |    793 |   2 |  962.5 |
   Elven Halls |   2204 |   1872 |    332 |    643 |    696 |   1 | 2204.0 |
        Vaults |   2452 |   2421 |     31 |    509 |    907 |   2 | 1226.0 |
      Gauntlet |    764 |    764 |      0 |    164 |    278 |   1 |  764.0 |
               +--------+--------+--------+--------+--------+-----+--------+

Top non-repeatable levels by time:
     D:7: 2618 daAuts
   Elf:1: 2204 daAuts
    D:10: 1776 daAuts
    D:11: 1770 daAuts
     D:9: 1716 daAuts
 Snake:1: 1714 daAuts
  Lair:1: 1684 daAuts
 Swamp:3: 1666 daAuts
  Lair:2: 1625 daAuts
Vaults:1: 1609 daAuts
 Swamp:4: 1587 daAuts
     D:6: 1459 daAuts
    D:15: 1396 daAuts
  Lair:5: 1394 daAuts
    D:14: 1254 daAuts
